 Dungeon Crawl Stone Soup version 0.32-a0-656-g3542139 (webtiles) character file.

Game seed: 2005429804052438801

73850 sdynet the Warrior (level 15, -1/145 HPs)
             Began as a Mountain Dwarf Cinder Acolyte on Mar 8, 2024.
             Was a High Priest of Kikubaaqudgha.
             Succumbed to Sonja's poison
             ... on level 2 of the Orcish Mines.
             The game lasted 01:23:25 (21743 turns).

sdynet the Warrior (Mountain Dwarf Cinder Acolyte) Turns: 21743, Time: 01:23:25

Health: -1/145     AC: 39    Str: 27    XL:     15   Next: 5%
Magic:  18/18      EV:  9    Int: 19    God:    Kikubaaqudgha [*****.]
Gold:   1714       SH:  5    Dex:  7    Spells: 2/16 levels left

rFire   . . .        m - +2 battleaxe (flame)
rCold   + . .        (shield currently unavailable)
rNeg    + + .        K - +10 plate armour "Saolij" {Harm}
rPois   .            U - +2 helmet of the Camelopard {rC+ rN+}
rElec   .            c - +2 cloak
rCorr   .            A - +1 pair of gloves
SInv    .            l - +0 pair of boots {Fly}
Will    ++...        y - amulet of reflection Stlth
                     r - ring of Tiugeg {rN+ Str+6 Int+3}
HPRegen 0.44/turn    G - ring of willpower
MPRegen 0.16/turn

%: harm (+30% outgoing, +20% incoming), reflection
@: lethally poisoned (-1 -> -22), flying, slowed, invisible, very slow
A: runic magic, artefact enchanting, talons 1, high MP 1
a: Renounce Religion, Unearth Wretches, Torment


You were on level 2 of the Orcish Mines.
You worshipped Kikubaaqudgha.
Kikubaaqudgha was extremely pleased with you.
You visited 4 branches of the dungeon, and saw 20 of its levels.
You also visited: Bailey, Gauntlet and Volcano.

You collected 1834 gold pieces.
You spent 120 gold pieces at shops.

Inventory:

Hand Weapons
 a - a +6 flail of venom
 b - a +8 war axe of freezing
 m - a +2 battleaxe of flaming (weapon)
Missiles
 L - 6 silver javelins
 Q - a javelin
Armour
 c - a +2 cloak (worn)
 l - a +0 pair of boots of flying (worn)
 u - a +1 chain mail of cold resistance
 A - a +1 pair of gloves (worn)
 D - a +3 chain mail of fire resistance
 K - the +10 plate armour "Saolij" (worn) {Harm}
   (You found it in a bailey)

   Harm:      It increases damage dealt and taken.
 U - the +2 helmet of the Camelopard (worn) {rC+ rN+}
   (You found it in a Gauntlet)

   rC+:       It protects you from cold.
   rN+:       It protects you from negative energy.
Magical Staves
 S - a staff of air
Jewellery
 p - a ring of protection from cold
 r - the ring of Tiugeg (left hand) {rN+ Str+6 Int+3}
   (You acquired it on level 3 of the Lair of Beasts)

   [ring of strength]

   Str+6:     It affects your strength (+6).
   Int+3:     It affects your intelligence (+3).
   rN+:       It protects you from negative energy.
 v - a ring of wizardry
 w - a ring of poison resistance
 y - an amulet of reflection (around neck)
 G - a ring of willpower (right hand)
 R - a ring of protection from fire
 T - an amulet of faith
Wands
 i - a wand of warping (2)
 j - a wand of digging (2)
 q - a wand of flame (60)
 W - a wand of light (2)
Scrolls
 d - 8 scrolls of teleportation {!r}
 g - 2 scrolls of blinking
 h - 3 scrolls of fog {!r}
 C - 2 scrolls of silence {!r}
 J - 2 scrolls of butterflies
 M - 2 scrolls of immolation
 N - a scroll of fear {!r}
 O - a scroll of torment
Potions
 e - 3 potions of enlightenment {!q!q}
 f - 4 potions of lignification {!q}
 x - 2 potions of magic {!q}
 B - a potion of haste {!q}
 F - a potion of brilliance {!q}
 P - a potion of might {!q}
Miscellaneous
 V - a condenser vane


   Skills:
 + Level 16.5 Fighting
 - Level 14.0 Maces & Flails
 - Level 1.0 Throwing
 + Level 16.4 Armour
 - Level 3.0 Dodging
 - Level 1.0 Stealth
 - Level 1.0 Spellcasting
 + Level 12.7 Necromancy
 - Level 3.6 Fire Magic
 - Level 1.0 Evocations


You had 2 spell levels left.
You knew the following spells:

 Your Spells              Type           Power      Damage    Failure   Level
a - Scorch                Fire           28%        2d6       10%         2
b - Fugue of the Fallen   Necr           49%        N/A       1%          3
c - Curse of Agony        Necr           49%        N/A       4%          5
d - Dispel Undead         Necr           49%        3d18      1%          4

Your spell library contained the following spells:

 Spells                   Type           Power      Damage    Failure   Level
 Necrotise                Necr           100%       1d9       1%          1
 Sublimation of Blood     Necr           49%        N/A       1%          2
 Kiss of Death            Conj/Necr      100%       2d13      2%          1
 Apportation              Tloc           0%         N/A       28%         1
 Sting                    Conj/Alch      0%         1d3       28%         1
 Summon Small Mammal      Summ           0%         N/A       28%         1
 Blink                    Tloc           0%         N/A       41%         2
 Call Imp                 Summ           0%         N/A       41%         2
 Ensorcelled Hibernation  Hex/Ice        0%         N/A       41%         2
 Lesser Beckoning         Tloc           0%         N/A       41%         2
 Momentum Strike          Conj/Tloc      0%         3d8       41%         2
 Static Discharge         Conj/Air       0%         3-3/arc   41%         2
 Vampiric Draining        Necr           49%        2d9       1%          3
 Anguish                  Hex/Necr       12%        N/A       22%         4
 Martyr's Knell           Necr/Summ      25%        N/A       22%         4
 Inner Flame              Hex/Fire       7%         N/A       38%         3
 Borgnjor's Vile Clutch   Necr/Erth      12%        N/A       52%         5
 Confusing Touch          Hex            0%         N/A       65%         3
 Hailstorm                Conj/Ice       0%         3d5       65%         3
 Stone Arrow              Conj/Erth      0%         3d7       65%         3
 Summon Ice Beast         Ice/Summ       0%         N/A       65%         3
 Flame Wave               Conj/Fire      7%         2d5       80%         4
 Sticky Flame             Fire/Alch      7%         2d4       80%         4
 Airstrike                Air            0%         2d(0-16)  96%         4
 Animate Armour           Summ/Erth      0%         N/A       96%         4
 Petrify                  Alch/Erth      0%         N/A       96%         4
 Summon Lightning Spire   Summ/Air       0%         N/A       96%         4
 Irradiate                Conj/Alch      0%         3d11      100%        5
 Summon Mana Viper        Hex/Summ       0%         N/A       100%        5
 Haunt                    Necr/Summ      12%        N/A       100%        7
 Monstrous Menagerie      Summ           0%         N/A       100%        7
 Summon Hydra             Summ           0%         N/A       100%        7
 Borgnjor's Revivificati  Necr           24%        N/A       100%        8
 Lehudib's Crystal Spear  Conj/Erth      0%         10d2      100%        8
 Death's Door             Necr           24%        N/A       100%        9


Dungeon Overview and Level Annotations

Branches:
Dungeon (12/15)            Temple (1/1) D:6            Lair (5/5) D:11
 Shoals (0/4) Lair:3       Spider (0/4) Lair:3        Slime (0/5) Lair:5
    Orc (2/2) D:11            Elf (0/3) Orc:2        Bailey (visited)
Volcano (visited)         Gauntlet (visited)

Altars:
Ashenzari
Cheibriados
Dithmenos
Elyvilon
Fedhas
Gozag
Hepliaklqana
Kikubaaqudgha
Makhleb
Nemelex Xobeh
Okawaru
Qazlal
Ru
Sif Muna
Trog
Uskayaw
Vehumet
Wu Jian
Xom
Yredelemnul
Zin
The Shining One
Beogh
Jiyva
Lugonu

Shops:
D:1 (   D:2 *   D:9 (*

Portals:
Abyss: Lair:5

Annotations:
D:10 2 runed translucent doors, tls9540's ghost, journeyman CoBe
Lair:4 2 transporters
Orc:2 Sonja


Innate Abilities, Weirdness & Mutations

Your spellcasting is much less encumbered by armour.
You can use scrolls of enchantment on lesser artefacts.
You have sharp toenails.
You have an increased reservoir of magic. (+10% MP)


Message History

Sonja misses you. Sonja hits you but does no damage.
You are lethally poisoned!
Sonja hits you but does no damage.
You are too confused!
Okay, then.
You completely miss Sonja.
Sonja is severely wounded.
* * * LOW HITPOINT WARNING * * *
You feel extremely sick.
The orc no longer looks unusually strong.
Sonja barely misses you. x2; Sonja hits you but does no damage.
You are lethally poisoned!
The orc wizard casts a spell at you.
The puff of flame hits the orc warrior but does no damage.
The orc knight roars a battlecry!
The orc goes into a battle-frenzy!
Sonja closely misses you. Sonja barely misses you.
Sonja hits you but does no damage.
You are more poisoned.
The orc warrior hits you but does no damage.
The orc knight hits you from afar with a +2 halberd of freezing.
* * * LOW HITPOINT WARNING * * *
The orc knight freezes you.
* * * LOW HITPOINT WARNING * * *
The orc wizard points at you and mumbles some strange words.
The orc warrior appears confused.
You're too confused to move!
You feel less invigorated.
You feel less confused.
* * * LOW HITPOINT WARNING * * *
You feel extremely sick.
Sonja bows elegantly.
Sonja mumbles some strange words.
Sonja blinks!
The orc knight barely misses you.
The orc warrior hits the orc knight but does no damage.
You block the orc warrior's attack.
You miss Sonja.
Sonja is severely wounded.
You hit the orc warrior but do no damage.
You die...
Kikubaaqudgha rasps: You have failed me!
Welcome... death!

.......)............
####...#..#..................
.ß...........................
.............................
.............................
...o.........................
.ß.........$...#.#...........
##.).).....K#..............
#..)).).oo@..#.#......#....
#.....)oo.....###....###...
###.....)..................
#.#....................†..
###............#......#...
##..........#>.......#.#
##.##..##.#........####
#######..........##
##......#......###


You could see an orc knight (unable to see you), Sonja (unable to see you), an
orc warrior (strong, confused, unable to see you), an orc wizard (strong, unable
to see you) and an orc (strong, unable to see you).

Vanquished Creatures
  Azrael (D:12)
  A minotaur (Gauntlet)
  Fannar (Lair:1)
  A hell beast (Gauntlet)
  5 hydras
  A catoblepas (Lair:3)
  14 death yaks
  2 two-headed ogres (D:10)
  2 boulder beetles
  3 thrashing horrors (Lair:5)
  Nergalle (Lair:2)
  A sun demon (Volcano)
  3 skysharks
  2 orc knights
  4 harpies (Lair:3)
  4 large abominations (Lair:5)
  2 orc sorcerers
  A deep elf pyromancer (Bailey)
  2 oklob plants
  A manticore (D:12)
  2 ugly things
  A shining eye (shapeshifter) (Lair:5)
  2 cyclopes
  6 elephants (Lair:3)
  3 kobold blastminers (Orc:2)
  3 black mambas
  A rust devil (Gauntlet)
  A smoke demon (Lair:5)
  2 gargoyles (D:12)
  7 rime drakes
  11 cane toads
  2 minotaur zombies (Gauntlet)
  2 molten gargoyles (Volcano)
  3 kobold demonologists (D:10)
  8 komodo dragons
  4 trolls
  A red devil (Volcano)
  2 polar bears
  13 blink frogs
  A hornet (D:8)
  7 dream sheep (Lair:3)
  2 raiju (Lair:5)
  4 slime creatures
  A spriggan (Lair:5)
  3 shadows
  4 ynoxinuls
  5 fire bats
  3 wyverns
  18 fire elementals
  2 wraiths (D:12)
  59 yaks
  A vampire (D:11)
  7 basilisks
  Eustachio (D:4)
  3 wargs
  A chaos spawn (Lair:5)
  3 redbacks (Lair:3)
  3 steam dragons
  Menkaure (D:4)
  2 acid dragons
  Edmund (D:4)
  13 water moccasins
  A water moccasin (shapeshifter) (Lair:5)
  6 hell hounds
  Duvessa (D:4)
  An ice beast (D:7)
  4 laughing skulls (Gauntlet)
  14 orc warriors
  5 ogres
  A black bear (shapeshifter) (Lair:5)
  9 wolves (Lair:2)
  4 centaurs
  7 kobold brigands
  A phantom (D:6)
  A weeping skull (Gauntlet)
  7 bullfrogs
  12 small abominations (Lair:5)
  Dowan (D:4)
  8 wights
  The ghost of janghoney the Shield-Bearer, a weakling FoFi (D:3)
  7 killer bees
  3 howler monkeys (D:9)
  4 lava snakes (Volcano)
  4 jellies
  A bombardier beetle (D:6)
  3 hounds
  Crazy Yiuf (D:4)
  7 orc priests
  2 iron imps (Gauntlet)
  3 sleepcaps
  Natasha (thrice) (D:4)
  An iguana (D:5)
  18 orc wizards
  A gnoll (D:1)
  8 adders
  2 white imps
  2 ufetubi (D:6)
  3 dart slugs
  A ribbon worm (D:2)
  47 orcs
  6 endoplasms
  5 giant cockroaches
  16 goblins
  6 hobgoblins
  12 jackals
  3 quokkas
  6 ball pythons
  6 bats
  8 frilled lizards
  26 kobolds
  7 rats
577 creatures vanquished.

Vanquished Creatures (others)
  40 foxfires
40 creatures vanquished.

Grand Total: 617 creatures vanquished

Notes
Turn   | Place    | Note
-------+----------+-------------------------------------------
     0 | D:1      | sdynet the Mountain Dwarf Cinder Acolyte began the quest
                  | for the Orb.
     0 | D:1      | Reached XP level 1. HP: 19/19 MP: 2/2
    10 | D:1      | Found a faded altar of an unknown god.
    11 | D:1      | Found Ydyph's Antique Weapon Shop.
   142 | D:1      | Reached XP level 2. HP: 22/27 MP: 3/3
   179 | D:1      | Learned a level 2 spell: Scorch
   489 | D:1      | Reached XP level 3. HP: 34/34 MP: 4/4
   832 | D:2      | Reached skill level 5 in Fighting
   863 | D:2      | Reached XP level 4. HP: 42/42 MP: 0/5
  1216 | D:2      | Found Moeja's Assorted Antiques.
  1243 | D:2      | Bought a scroll labelled IDGHEFU PUAM for 21 gold pieces
  1243 | D:2      | Bought a scroll labelled JUERIGI CIBI for 21 gold pieces
  1243 | D:2      | Bought a scroll labelled AGYCHA WUUSUEKHICK for 21 gold
                  | pieces
  1243 | D:2      | Bought a white potion for 18 gold pieces
  1243 | D:2      | Bought a scroll labelled GUSERH QABOGG for 21 gold pieces
  1243 | D:2      | Bought a puce potion for 18 gold pieces
  1942 | D:3      | Reached skill level 1 in Armour
  1942 | D:3      | Reached XP level 5. HP: 48/50 MP: 1/6
  2191 | D:3      | Found a runed translucent door.
  2191 | D:3      | Noticed janghoney's ghost (weakling FoFi)
  2270 | D:3      | Killed janghoney's ghost
  2271 | D:3      | Reached skill level 1 in Dodging
  2674 | D:4      | Noticed Edmund
  2702 | D:4      | Noticed Natasha
  2709 | D:4      | Killed Natasha
  2745 | D:4      | Found a sacrificial altar of Ru.
  2748 | D:4      | Noticed Natasha
  2761 | D:4      | Killed Natasha
  2762 | D:4      | Reached XP level 6. HP: 25/57 MP: 1/7
  2872 | D:4      | Noticed Menkaure
  2883 | D:4      | Killed Menkaure
  2884 | D:4      | Reached skill level 1 in Evocations
  3151 | D:4      | Killed Edmund
  3152 | D:4      | Reached XP level 7. HP: 64/64 MP: 5/8
  3231 | D:4      | Found a runed translucent door.
  3232 | D:4      | Noticed Crazy Yiuf
  3238 | D:4      | Killed Crazy Yiuf
  3340 | D:4      | Noticed Natasha
  3345 | D:4      | Killed Natasha
  3346 | D:4      | Reached skill level 5 in Maces & Flails
  3435 | D:4      | Found a shimmering altar of Xom.
  3497 | D:4      | Noticed Dowan
  3498 | D:4      | Noticed Duvessa
  3507 | D:4      | Killed Duvessa
  3510 | D:4      | Killed Dowan
  3568 | D:4      | Noticed Eustachio
  3584 | D:4      | Killed Eustachio
  3805 | D:5      | Entered Level 5 of the Dungeon
  3986 | D:5      | Reached XP level 8. HP: 39/74 MP: 9/9
  5335 | D:6      | Found a staircase to the Ecumenical Temple.
  5380 | Temple   | Entered the Ecumenical Temple
  6009 | D:7      | Reached XP level 9. HP: 85/85 MP: 10/10
  6014 | D:7      | Identified the +0 robe of the Mertaur {-Tele Harm Dex+3}
  6033 | D:7      | Reached skill level 10 in Fighting
  6406 | D:7      | Found a blossoming altar of Fedhas.
  6651 | D:7      | Gained mutation: You have sharp toenails. [potion of
                  | mutation]
  6651 | D:7      | Gained mutation: You have an increased reservoir of magic.
                  | (+10% MP) [potion of mutation]
  6664 | D:8      | Found a flagged portal.
  6685 | D:8      | Reached skill level 10 in Maces & Flails
  6711 | Bailey   | Entered a bailey
  7123 | Bailey   | Found a large runed translucent door.
  7123 | Bailey   | Found a large runed translucent door.
  7124 | Bailey   | Noticed a deep elf pyromancer
  7133 | Bailey   | Noticed an orc knight
  7152 | Bailey   | Killed an orc knight
  7153 | Bailey   | Reached skill level 5 in Armour
  7159 | Bailey   | Killed a deep elf pyromancer
  7160 | Bailey   | Reached XP level 10. HP: 63/97 MP: 12/12
  7173 | Bailey   | Identified the +0 chain mail of Boredom {Regen+ Str+2}
  7186 | Bailey   | Identified the +10 plate armour "Saolij" {Harm}
  7710 | D:8      | Found an opulent altar of Gozag.
  7712 | D:8      | Found a stormy altar of Qazlal.
  7791 | D:9      | Found Pyoshuek's Antique Weapon Shoppe.
  8424 | D:9      | Found Hailejuab's Assorted Antiques.
  8532 | D:10     | Entered Level 10 of the Dungeon
  8664 | D:10     | Noticed a two-headed ogre
  8678 | D:10     | Killed a two-headed ogre
  8679 | D:10     | Reached skill level 10 in Armour
  8679 | D:10     | Reached skill level 1 in Stealth
  8831 | D:10     | Found a large runed translucent door.
  8831 | D:10     | Found a large runed translucent door.
  8833 | D:10     | Noticed tls9540's ghost (journeyman CoBe)
  8838 | D:10     | Noticed a two-headed ogre
  8846 | D:10     | Killed a two-headed ogre
  8978 | D:10     | Reached XP level 11. HP: 96/104 MP: 13/13
  9348 | D:10     | Found a shimmering blue altar of Sif Muna.
  9877 | D:11     | Found a staircase to the Lair.
 10158 | D:11     | Found a glowing silver altar of Zin.
 10500 | D:11     | Found a staircase to the Orcish Mines.
 11253 | D:12     | Noticed a boulder beetle
 11267 | D:12     | Killed a boulder beetle
 11535 | D:12     | Reached skill level 15 in Armour
 11539 | D:12     | Noticed Azrael
 11571 | D:12     | Killed Azrael
 11572 | D:12     | Reached XP level 12. HP: 62/113 MP: 14/14
 12307 | Lair:1   | Entered Level 1 of the Lair of Beasts
 12772 | Lair:1   | Reached skill level 1 in Throwing
 13078 | Lair:1   | Noticed Fannar
 13093 | Lair:1   | Killed Fannar
 13319 | Temple   | Fell from the grace of Ignis
 13319 | Temple   | Became a worshipper of Kikubaaqudgha
 14045 | Lair:2   | Noticed a six-headed hydra
 14100 | Lair:2   | Noticed Nergalle
 14114 | Lair:2   | Killed Nergalle
 14125 | Lair:2   | Noticed a six-headed hydra
 14125 | Lair:2   | Found the +1 robe of Vines {NoPotionHeal Regen++++}
 14125 | Lair:2   | Noticed an eight-headed hydra
 14130 | Lair:2   | Killed a six-headed hydra
 14132 | Lair:2   | Killed an eight-headed hydra
 14578 | Lair:2   | Reached XP level 13. HP: 114/125 MP: 15/15
 15122 | Lair:2   | You fall into a shaft and drop 1 floor!
 15160 | Lair:3   | Reached skill level 15 in Fighting
 15214 | Lair:3   | Reached * piety under Kikubaaqudgha
 15214 | Lair:3   | Received a gift from Kikubaaqudgha
 15219 | Lair:3   | Learned a level 3 spell: Fugue of the Fallen
 15259 | Lair:3   | Reached skill level 1 in Necromancy
 15272 | Lair:3   | Found a dark tunnel.
 15285 | Volcano  | Entered a volcano
 15398 | Volcano  | Found a bloodstained altar of Trog.
 15483 | Volcano  | Reached skill level 5 in Necromancy
 15573 | Lair:3   | Reached ** piety under Kikubaaqudgha
 15607 | Lair:3   | Found a gate leading to a gauntlet.
 15612 | Gauntlet | Entered a Gauntlet
 15612 | Gauntlet | Found a transporter.
 15612 | Gauntlet | Found a transporter.
 15619 | Gauntlet | Learned a level 5 spell: Curse of Agony
 15794 | Gauntlet | Found a runed translucent gate.
 15795 | Gauntlet | Found a transporter.
 15795 | Gauntlet | Found a runed translucent gate.
 15796 | Gauntlet | Found a runed translucent gate.
 15797 | Gauntlet | Found a transporter.
 15797 | Gauntlet | Found a transporter.
 15800 | Gauntlet | Found a transporter.
 15825 | Gauntlet | Found a transporter.
 15889 | Gauntlet | Found a transporter.
 15892 | Gauntlet | Found a transporter.
 15892 | Gauntlet | Found a transporter.
 15894 | Gauntlet | Noticed a quicksilver ooze
 15896 | Gauntlet | Found a runed translucent door.
 15912 | Gauntlet | Found a transporter.
 15931 | Gauntlet | Found a transporter.
 15932 | Gauntlet | Found a runed translucent door.
 15955 | Gauntlet | Found a transporter.
 15959 | Gauntlet | Found a transporter.
 16274 | Gauntlet | Identified the +2 helmet of the Camelopard {rC+ rN+}
 16478 | Gauntlet | Noticed a minotaur
 16481 | Gauntlet | Identified the +9 battleaxe of the Establishment {heavy,
                  | Str+4}
 16481 | Gauntlet | Identified the +0 robe of Barabod {^Drain rElec Dex-2
                  | Stlth+}
 16487 | Gauntlet | Killed a minotaur
 16490 | Gauntlet | Got the Anthology of Blows
 16782 | Lair:3   | Found a staircase to the Shoals.
 17007 | Lair:3   | Found a hole to the Spider Nest.
 17149 | Lair:3   | Reached skill level 10 in Necromancy
 17160 | Lair:3   | Reached XP level 14. HP: 122/135 MP: 17/17
 17164 | Lair:3   | Reached *** piety under Kikubaaqudgha
 17164 | Lair:3   | Received a gift from Kikubaaqudgha
 17294 | Lair:3   | Identified a scroll of acquirement
 17295 | Lair:3   | Acquired the ring of Tiugeg {rN+ Str+6 Int+3}
 17408 | Lair:3   | You are sucked into a shaft and drop 1 floor!
 17408 | Lair:4   | Found a transporter.
 17408 | Lair:4   | Found a transporter.
 17408 | Lair:4   | Was forgiven by Ignis
 18576 | Lair:4   | Learned a level 4 spell: Dispel Undead
 18763 | Lair:5   | Entered Level 5 of the Lair of Beasts
 19237 | Lair:5   | Reached **** piety under Kikubaaqudgha
 19687 | Lair:5   | Found a corrupted altar of Lugonu.
 19687 | Lair:5   | Found a one-way gate to the infinite horrors of the Abyss.
 19773 | Lair:5   | Reached ***** piety under Kikubaaqudgha
 19972 | Lair:5   | Found a viscous altar of Jiyva.
 19973 | Lair:5   | Found a staircase to the Slime Pits.
 20167 | Lair:5   | Identified the +2 robe "Irol" {Will++}
 20962 | Orc:1    | Entered Level 1 of the Orcish Mines
 21095 | Orc:1    | Found a bloodstained altar of Trog.
 21194 | Orc:1    | Found a roughly hewn altar of Beogh.
 21511 | Orc:2    | Entered Level 2 of the Orcish Mines
 21521 | Orc:2    | Reached XP level 15. HP: 137/145 MP: 15/18
 21618 | Orc:2    | Found a staircase to the Elven Halls.
 21723 | Orc:2    | Noticed Sonja
 21736 | Orc:2    | HP: 3/145 [poisoned by Sonja]
 21742 | Orc:2    | HP: 7/145 [poisoned by Sonja]
 21743 | Orc:2    | Succumbed to Sonja's poison

Illustrated notes

Levels and vault maps discovered:
D:1:      scummos_arrival_simple_fountains, layout_loops_ring, serial_shops,
          shop, basic_ecumenical_altar
D:2:      layout_loops_cross, serial_shops, shop, minmay_pentomino_w2
D:3:      layout_rooms, hellmonk_ghost_happy_afterlife
D:4:      layout_cave_pools, nicolae_overflow_crystal_walls,
          mainiacjoe_overflow_alcove_1, hangedman_decor_points, uniq_natasha,
          uniq_duvessa, uniq_eustachio, uniq_crazy_yiuf_cottage, uniq_edmund,
          uniq_menkaure
D:5:      layout_loops_ring, serial_glass, glass_columns_a, glass_columns_a,
          serial_bayou_ford_a, serial_bayou_pond_c, minmay_ogre_servants
D:6:      layout_gridville, minmay_temple_entry_purple_smoke
D:7:      layout_rooms, fedhas_altar_decomposition
D:8:      layout_cave_pools, minitemple, enter_bailey_2
D:9:      layout_roguey, serial_shops, nicolae_shop_trees,
          nicolae_shop_hallway_stairs
D:10:     layout_irregular_city, lemuel_tele_altar, ebering_ghost_disaster_area,
          hangedman_abyss_or_decor_clamps
D:11:     layout_basic, dpeg_oklobed_lair, orc_0_dummy, zin_treasury
D:12:     layout_long_grid, serial_glass, glass_columns_b, glass_columns_b,
          due_unseen_surprise, minmay_strange_pillars, item_on_display_b,
          item_on_display_a, uniq_azrael
Temple:   minmay_temple_bridge_d
Lair:1:   layout_regular_city, uniq_fannar
Lair:2:   layout_cave_pods, hellmonk_guarded_unrand_vines, uniq_nergalle
Lair:3:   layout_chaotic_city, nicolae_shoals_entry_roost,
          spider_nest_entry_webs, nicolae_volcano_entry_batcave,
          gauntlet_entry_generic
Lair:4:   gammafunk_boulding_lane, layout_misc_corridors, serial_bayou_pond_a,
          small_statue_intersection
Lair:5:   hellmonk_lair_end_abyssal_woods, layout_loops_ring,
          dpeg_slime_entry_enclosed, grunt_megastairs_2
Orc:1:    layout_caves, basic_altar, mines2_david
Orc:2:    grunt_orc_cross, layout_caves, uniq_sonja

Skill      XL: |  1  2  3  4  5  6  7  8  9 10 11 12 13 14 |
---------------+-------------------------------------------+-----
Fighting       | 4 5 6 8 9 12 14 15 16 | 16.5
Maces & Flails | 4 6 9 10 13 14 | 14.0
Armour         | 1 3 4 5 11 15 16 | 16.4
Dodging        | 1 3 |  3.0
Evocations     | 1 |  1.0
Stealth        | 1 |  1.0
Throwing       | 1 |  1.0
Necromancy     | 10 12 | 12.7
Spellcasting   | |  1.0
Fire Magic     | |  3.6

Action                     |  1- 3 |  4- 6 |  7- 9 | 10-12 | 13-15 || total
---------------------------+-------+-------+-------+-------+-------++-------
  Melee: Mace              |    56 |    94 |       |       |       ||   150
         Trident           |       |    41 |       |       |       ||    41
         Whip              |       |     6 |       |       |       ||     6
         Flail             |       |       |   164 |   544 |   475 ||  1183
         Battleaxe         |       |       |       |       |   226 ||   226
         War axe           |       |       |       |       |     7 ||     7
  Throw: Dart              |    11 |     8 |    17 |    24 |    12 ||    72
         Javelin           |       |       |       |    22 |    26 ||    48
   Cast: Scorch            |     3 |    37 |    50 |     7 |     1 ||    98
         Fugue of the Fall |       |       |       |       |    24 ||    24
         Curse of Agony    |       |       |       |       |    16 ||    16
         Dispel Undead     |       |       |       |       |     2 ||     2
 Invoke: Fiery Armour      |     1 |     1 |     2 |     5 |       ||     9
         Foxfire Swarm     |       |       |       |     2 |       ||     2
  Evoke: Wand              |       |     1 |    11 |    52 |    32 ||    96
         Condenser vane    |       |       |       |       |     2 ||     2
    Use: Scroll            |     1 |     8 |     7 |    10 |     7 ||    33
         Potion            |       |     1 |     4 |     4 |    19 ||    28
   Stab: Paralysed         |       |       |     3 |    12 |       ||    15
         Invisible         |       |       |     2 |     1 |     2 ||     5
         Petrified         |       |       |       |       |    12 ||    12
         Confused          |       |       |       |       |     1 ||     1
 Armour: Robe              |    26 |       |       |       |       ||    26
         Ring mail         |    26 |    27 |       |       |       ||    53
         Chain mail        |       |   140 |   149 |       |       ||   289
         Skin              |       |     2 |       |       |       ||     2
         Plate armour      |       |       |       |   431 |   757 ||  1188
  Dodge: Dodged            |    43 |    62 |    70 |   128 |   290 ||   593
  Block: Other             |       |       |    28 |    87 |   169 ||   284
         Reflection        |       |       |     1 |     6 |     7 ||    14

Table legend: (Time is in decaauts)
 A = Elapsed time spent in this place.
 B = Non-inter-level travel time spent in this place.
 C = Inter-level travel time spent in this place.
 D = Time resting spent in this place.
 E = Time spent auto-exploring this place.
 F = Levels seen in this place.
 G = Mean time per level.
                   A        B        C        D        E       F      G
               +--------+--------+--------+--------+--------+-----+--------+
         Total |  21719 |  20110 |   1609 |    208 |  14961 |  23 |  944.3 |
       Dungeon |  12028 |  10987 |   1041 |     79 |   8673 |  12 | 1002.3 |
        Temple |    145 |      4 |    141 |      0 |      0 |   1 |  145.0 |
          Lair |   6963 |   6561 |    402 |      4 |   5064 |   5 | 1392.6 |
  Orcish Mines |    804 |    780 |     24 |      0 |    522 |   2 |  402.0 |
        Bailey |    551 |    551 |      0 |      0 |    287 |   1 |  551.0 |
       Volcano |    215 |    215 |      0 |      0 |      0 |   1 |  215.0 |
      Gauntlet |   1012 |   1012 |      0 |    125 |    415 |   1 | 1012.0 |
               +--------+--------+--------+--------+--------+-----+--------+

Top non-repeatable levels by time:
  Lair:5: 1511 daAuts
  Lair:1: 1477 daAuts
  Lair:2: 1385 daAuts
  Lair:4: 1316 daAuts
    D:12: 1308 daAuts
  Lair:3: 1272 daAuts
    D:11: 1246 daAuts
     D:6: 1230 daAuts
    D:10: 1208 daAuts
     D:3: 1075 daAuts
     D:4: 1027 daAuts
     D:2: 1027 daAuts
     D:5: 1016 daAuts
Gauntlet: 1012 daAuts
     D:9: 813 daAuts
